 Dungeon Crawl Stone Soup version 0.15-a0-674-g7948ca6 (webtiles) character file.

23 4tharraofdagon the Firebug (level 3, -11/21 HPs)
             Began as a Halfling Wanderer on May 9, 2014.
             Mangled by a kobold
             ... wielding a +0,+2 whip of electrocution
              (16 damage)
             ... on Level 2 of the Dungeon.
             The game lasted 00:04:31 (533 turns).

4tharraofdagon the Firebug (Halfling Wanderer)       Turns: 533, Time: 00:04:31

HP -11/21        AC  2     Str  8      XL: 3   Next: 10%
MP   0/4         EV 13     Int 13      God:
Gold 19          SH  0     Dex 16      Spells:  2 memorised,  2 levels left

rFire  . . .     SeeInvis .     d - +0 dagger
rCold  . . .     Clarity  .     c - +0 robe
rNeg   . . .     Conserve .     (no shield)
rPois  .         rCorr    .     (no helmet)
rElec  .         rRot     .     (no cloak)
SustAb . .       Spirit   .     (no gloves)
rMut   .         Warding  .     (no boots)
Saprov . . .     Stasis   .     (no amulet)
MR     .....                    (no ring)
                                (no ring)

@: not resistant to hostile enchantments, very unstealthy
A: mutation resistance 1, slow metabolism 1
a: no special abilities


You were on level 2 of the Dungeon.
You were not hungry.

You visited 1 branch of the dungeon, and saw 2 of its levels.

You collected 19 gold pieces.

Inventory:

Hand weapons
 d - a +0,+0 dagger (weapon)
Armour
 c - a +0 robe (worn)
Comestibles
 f - 2 bread rations
 g - a pear
 j - an apple
 m - a choko
Scrolls
 e - a scroll of remove curse {unknown}
 h - a scroll of recharging {unknown}
 i - a scroll of enchant weapon I {unknown}
 k - a scroll of noise {unknown}
 l - a scroll of identify {unknown}
Potions
 b - 4 potions of curing
Books
 a - a book of Flames

   Spells                             Type                      Level
   *Flame Tongue                      Conjuration/Fire             1
   Throw Flame                        Conjuration/Fire             2
   Conjure Flame                      Conjuration/Fire             3
   Inner Flame                        Hexes/Fire                   3
   Sticky Flame                       Conjuration/Fire             4
   Fireball                           Conjuration/Fire             5


   Skills:
 - Level 2.6 Throwing
 + Level 1.3 Spellcasting
 * Level 1.6 Conjurations
   Level 1.0 Necromancy
 - Level 6.0 Fire Magic


You had 2 spell levels left.
You knew the following spells:

 Your Spells              Type           Power        Failure   Level  Hunger
a - Magic Dart            Conj           #...         17%         1    ##.....
b - Flame Tongue          Conj/Fire      ##...        8%          1    ##.....


Dungeon Overview and Level Annotations

Branches:
Dungeon (2/15)

Altars:


Innate Abilities, Weirdness & Mutations

You are small and have problems with some larger weapons.
You are somewhat resistant to further mutation.
You have a slow metabolism.


Message History

The jackal closely misses you. The jackal bites you.
* * * LOW HITPOINT WARNING * * *
Your magical contamination has completely faded away.
Casting: Flame Tongue
Confirm with . or Enter, or press ? or * to list all spells.
Aiming: Flame Tongue
Press: ? - help, Shift-Dir - straight line, f - jackal
Aim: a jackal The flame tongue hits the jackal.
You kill the jackal!
Drink which item? (? for menu, Esc to quit)
You feel better. The kobold hits you with a runed whip.
* * * LOW HITPOINT WARNING * * *
Drink which item? (? for menu, Esc to quit)
You feel better. The kobold hits you with a runed whip.
* * * LOW HITPOINT WARNING * * *
You are electrocuted!
Ouch! That really hurt!
You die...

#.# #.# #### #.# #.# #... #.#
#.# #... #.# #.# #...
.##.###.#######.############...
...............w................
[##.###.#######.####....####...
.##.###.#######.####.......[.h.
........>..%..K@................
.##.###.#######.####[...#######
#.# #.# #....# #.# #.# ###.##
#.# #.# #.# #.# #.# #.# #.# #.#
#.# #.# #.# #.#
#.#######.######.#


You could see a kobold.

Vanquished Creatures
  5 goblins (D:1)
  2 hobgoblins (D:1)
  5 bats (D:1)
  A giant newt (D:1)
  4 jackals (D:2)
  3 kobolds
  A rat (D:2)
21 creatures vanquished.

Notes
Turn   | Place    | Note
--------------------------------------------------------------
     0 | D:1      | 4tharraofdagon, the Halfling Wanderer, began the quest for the Orb.
     0 | D:1      | Reached XP level 1. HP: 11/11 MP: 2/2
     2 | D:1      | Learned a level 1 spell: Flame Tongue
    25 | D:1      | Frodo the Firecracker
   133 | D:1      | Reached XP level 2. HP: 9/17 MP: 0/3
   179 | D:1      | Reached skill level 1 in Conjurations
   494 | D:2      | Reached XP level 3. HP: 8/21 MP: 0/4
   533 | D:2      | Mangled by a kobold

Action                   || total
-------------------------++-------
Melee: Dagger            ||    55
 Cast: Flame Tongue      ||    25
       Magic Dart        ||     2
  Use: Potion            ||     2

Vault maps used:
D:1:      onia_arrival_mini_spirals
